 Dungeon Crawl Stone Soup version 0.24-a0-10-gb84795d (webtiles) character file.

Game seed: 8228550843466089381

5539 Ijustatesigmund the Cleaver (level 10, -9/93 HPs)
             Began as a Hill Orc Fighter on Jan 30, 2019.
             Killed from afar by Maurice (20 damage)
             ... with a wand of acid (1)
             ... on level 8 of the Dungeon on Jan 31, 2019.
             The game lasted 00:18:02 (8334 turns).

Ijustatesigmund the Cleaver (Hill Orc Fighter)      Turns: 8334, Time: 00:18:03

Health: -9/93      AC: 13    Str: 20    XL:     10   Next: 71%
Magic:  0/13       EV:  8    Int:  8    God:
Gold:   198        SH: 11    Dex: 15    Spells: 9/9 levels left

rFire    + . .     SeeInvis .   a - +3 war axe
rCold    + + .     Gourm    .   c - +0 shield
rNeg     . . .     Faith    .   b - +0 chain mail
rPois    .         Spirit   +   (helmet restricted)
rElec    .         Reflect  .   l - scarf {rC+ rF+}
rCorr    .         Harm     .   t - +1 pair of gloves
MR       .....     Rnd*Tele +   (no boots)
Stlth    ..........             k - amulet of guardian spirit
HPRegen  0.25/turn              r - ring of protection from cold
MPRegen  0.13/turn              y - ring of teleportation

@: no status effects
A: horns 1, thin skeletal structure 1
a: no special abilities


You were on level 8 of the Dungeon.
You were not hungry.

You visited 2 branches of the dungeon, and saw 9 of its levels.

You collected 338 gold pieces.
You spent 140 gold pieces at shops.

Inventory:

Hand Weapons
 a - a +3 war axe (weapon)
 w - a +5 antimagic flail
Armour
 b - a +0 chain mail (worn)
 c - a +0 shield (worn)
 l - a scarf of resistance (worn)
 o - a +0 cloak
 t - a +1 pair of gloves (worn)
Jewellery
 g - an uncursed ring of protection from cold
 k - an amulet of guardian spirit (around neck)
 r - a ring of protection from cold (left hand)
 y - a ring of teleportation (right hand)
 A - an uncursed ring of protection from fire {unknown}
Wands
 m - a wand of polymorph (8)
 v - a wand of disintegration (12)
 B - a wand of acid (7)
 F - a wand of paralysis (5)
Scrolls
 e - 5 scrolls of remove curse
 h - 3 scrolls of immolation
 i - 8 scrolls of identify
 p - a scroll of teleportation
 x - a scroll of magic mapping
 E - a scroll of amnesia
Potions
 d - a potion of might
 j - 2 potions of brilliance
 n - a potion of magic
 q - a potion of lignification
 u - a potion of agility
 z - 3 potions of mutation
 C - a potion of ambrosia
Comestibles
 f - 17 rations


   Skills:
 + Level 9.9 Fighting
 + Level 11.7 Axes
 - Level 7.4 Armour
 - Level 3.9 Dodging
 - Level 6.4 Shields
 - Level 4.0 Evocations


You had 9 spell levels left.
You didn't know any spells.
Your spell library contained the following spells:

 Spells                   Type           Power        Failure   Level  Hunger
 Cause Fear               Hex            #.........   100%        4    #####..
 Silence                  Hex/Air        #.........   100%        5    ######.
 Yara's Violent Unravell  Hex/Tmut       #.........   100%        5    ######.
 Deflect Missiles         Chrm/Air       #.........   100%        6    #######
 Discord                  Hex            #.........   100%        8    #######


Dungeon Overview and Level Annotations

Branches:
Dungeon (8/15)             Temple (1/1) D:6
   Lair: D:8-11

Altars:
Ashenzari
Cheibriados
Dithmenos
Elyvilon
Fedhas
Gozag
Hepliaklqana
Kikubaaqudgha
Makhleb
Nemelex Xobeh
Okawaru
Qazlal
Ru
Sif Muna
Trog
Uskayaw
Vehumet
Wu Jian
Xom
Yredelemnul
Zin
The Shining One

Shops:
D:4 *

Annotations:
D:8 Maurice


Innate Abilities, Weirdness & Mutations

You have a pair of small horns on your head.
You have a somewhat thin skeletal structure. (Dex +2, Stealth)


Message History

You hear a zap.
A bolt of acid appears from out of thin air!
The bolt of acid hits you.
You are splashed with acid!
* * * LOW HITPOINT WARNING * * *
You swing at nothing.
You hear a zap.
A bolt of acid appears from out of thin air!
The bolt of acid hits you!
* * * LOW HITPOINT WARNING * * *
You are splashed with acid!
* * * LOW HITPOINT WARNING * * *
You feel better.
Something drops a +0 short sword.
Something picks up a +0 war axe.
Items here: )) / [ † a +0 hand axe; a cursed -3 dagger; a +0 robe; a wand of digging (5) an orc corpse You hear a zap.
A bolt of acid appears from out of thin air!
The bolt of acid hits you!!
You die...

...#.###......#......#..#
##........>..........#..#
#.......................#
.....#..........###.....#
................##......#
...#.....#......##.....#
.###.................###
.....#......####.).......#
.........@.######..#......
.........†){..#.<.#####...
......$.........#.### ..
##..#.......#.####(#.# .# ...
#............## #....# ..#
...[.
....#....†..####....#..#
.....# #.##........#..((....#
......##.......)†........##.#
....#.......#..(((......## ##


There were no monsters in sight!

Vanquished Creatures
  Harold (D:7)
  Pikel (D:5)
  Prince Ribbit (D:8)
  A spriggan (D:7)
  Sigmund (D:4)
  A wyvern (D:8)
  Eustachio (D:4)
  A hungry ghost (D:8)
  Edmund (D:6)
  Duvessa (D:4)
  A sky beast (D:5)
  2 ice beasts (D:6)
  3 black bears
  An orc warrior (D:8)
  2 phantoms
  2 slaves (D:5)
  6 ogres
  3 centaurs
  Blork the orc (D:5)
  5 bullfrogs
  Dowan (D:4)
  A water moccasin skeleton (D:5)
  4 scorpions
  A bullfrog zombie (D:6)
  4 crimson imps
  A centaur zombie (D:6)
  4 hounds
  2 jellies
  3 bullfrog skeletons
  7 orc wizards
  Ijyb (D:5)
  3 worker ants
  Terence (D:2)
  2 hound skeletons
  11 adders
  A howler monkey skeleton (D:5)
  2 oozes
  An adder zombie (D:5)
  3 adder skeletons
  4 worms
  5 dart slugs
  9 leopard geckos
  21 orcs
  5 bats
  5 giant cockroaches
  14 goblins
  9 hobgoblins
  11 jackals
  6 kobolds
  A quokka (D:6)
  3 ball pythons
  8 frilled lizards
  A jackal skeleton (D:5)
  A leopard gecko skeleton (D:6)
  A quokka zombie (D:8)
  9 rats
202 creatures vanquished.

Notes
Turn   | Place    | Note
-------+----------+-------------------------------------------
     0 | D:1      | Ijustatesigmund the Hill Orc Fighter began the quest for
                  | the Orb.
     0 | D:1      | Reached XP level 1. HP: 19/19 MP: 1/1
    10 | D:1      | Reached skill level 3 in Axes
   172 | D:1      | Reached XP level 2. HP: 14/26 MP: 2/2
   475 | D:1      | Reached skill level 4 in Axes
   656 | D:1      | Reached XP level 3. HP: 25/31 MP: 3/3
   953 | D:2      | Reached skill level 5 in Axes
  1206 | D:2      | Reached XP level 4. HP: 33/39 MP: 4/4
  1378 | D:2      | Noticed Terence
  1638 | D:2      | Found a blossoming altar of Fedhas.
  1697 | D:2      | Found a snail-covered altar of Cheibriados.
  1782 | D:2      | Killed Terence
  1782 | D:2      | Reached skill level 6 in Axes
  2064 | D:3      | Reached XP level 5. HP: 45/45 MP: 5/5
  2756 | D:4      | Noticed Duvessa
  2756 | D:4      | Noticed Dowan
  2759 | D:4      | Noticed a phantom
  2766 | D:4      | Killed Duvessa
  2766 | D:4      | Reached skill level 7 in Axes
  2766 | D:4      | Reached XP level 6. HP: 40/53 MP: 4/6
  2783 | D:3      | Killed a phantom
  2956 | D:4      | Found Ymips's General Store.
  3005 | D:4      | Bought a scroll of identify for 28 gold pieces
  3005 | D:4      | Bought a potion of mutation for 112 gold pieces
  3005 | D:4      | Gained mutation: You have a pair of small horns on your
                  | head. [potion of mutation]
  3005 | D:4      | Gained mutation: You have a somewhat thin skeletal
                  | structure. (Dex +2, Stealth) [potion of mutation]
  3034 | D:4      | Noticed Eustachio
  3064 | D:4      | Killed Eustachio
  3064 | D:4      | Reached skill level 5 in Fighting
  3064 | D:4      | Reached XP level 7. HP: 26/61 MP: 3/7
  3470 | D:4      | Reached skill level 8 in Axes
  3470 | D:4      | Reached skill level 5 in Armour
  3901 | D:4      | Noticed Sigmund
  3911 | D:4      | Killed Sigmund
  3920 | D:4      | Reached XP level 8. HP: 44/70 MP: 5/8
  4117 | D:4      | Killed Dowan
  4445 | D:5      | Entered Level 5 of the Dungeon
  4501 | D:5      | Reached skill level 9 in Axes
  4633 | D:5      | Noticed Pikel
  4655 | D:5      | Killed Pikel
  4658 | D:5      | Reached skill level 10 in Axes
  4658 | D:5      | Reached XP level 9. HP: 37/81 MP: 9/9
  4878 | D:5      | Noticed Blork the orc
  4889 | D:5      | Killed Blork the orc
  5130 | D:5      | Noticed Ijyb
  5136 | D:5      | Killed Ijyb
  5450 | D:6      | Reached skill level 1 in Dodging
  5696 | D:6      | Found a staircase to the Ecumenical Temple.
  5696 | D:6      | Noticed Edmund
  5704 | D:6      | Killed Edmund
  5722 | Temple   | Entered the Ecumenical Temple
  6249 | D:6      | Found a sacrificial altar of Ru.
  6584 | D:6      | Upgraded the game from 0.24-a0-7-g1bb0902 to
                  | 0.24-a0-10-gb84795d
  6626 | D:6      | Reached skill level 1 in Evocations
  6936 | D:7      | Reached skill level 5 in Shields
  7135 | D:7      | Found a glowing golden altar of the Shining One.
  7174 | D:7      | Noticed Harold
  7187 | D:7      | Killed Harold
  7187 | D:7      | Reached XP level 10. HP: 41/90 MP: 7/12
  7742 | D:7      | Found a sparkling altar of Nemelex Xobeh.
  7956 | D:8      | Reached skill level 11 in Axes
  7976 | D:8      | Noticed Prince Ribbit
  8245 | D:8      | Killed Prince Ribbit
  8308 | D:8      | Noticed Maurice
  8334 | D:8      | Killed from afar by Maurice

Vault maps used:
D:1:      mrwooster_arrival_statue
D:2:      fedhas_altar_2, cheibriados_altar_1, uniq_terence
D:4:      serial_shops, shop_statue, uniq_sigmund, uniq_eustachio, uniq_duvessa
D:5:      first_ration, chequers_serial_rivers_micro_e, uniq_pikel,
          uniq_blork_the_orc, uniq_ijyb
D:6:      minmay_diamond_boxcup, minmay_temple_entry_glass,
          hangedman_ru_absence, uniq_edmund
D:7:      nemelex_xobeh_ov_fountains_minmay, overflow_temple_1_default,
          roderic_lattice_a, the_bakery, uniq_harold
D:8:      dpeg_oklobed_lair, enter_bailey_8, lemuel_oklob_altar, uniq_joseph,
          uniq_maurice, uniq_prince_ribbit1
Temple:   eino_narrow_crystal_temple

Skill      XL: |  1  2  3  4  5  6  7  8  9 10 |
---------------+-------------------------------+-----
Axes           | 3 4 5 6 7 8 10 11 | 11.7
Fighting       | 4 5 6 7 8 9 |  9.9
Armour         | 4 5 7 |  7.4
Dodging        | 3 |  3.9
Shields        | 6 |  6.4
Evocations     | 3 4 |  4.0

Action                   |  1- 3 |  4- 6 |  7- 9 | 10-12 || total
-------------------------+-------+-------+-------+-------++-------
Melee: War axe           |   115 |   190 |   313 |   107 ||   725
       Headbutt          |       |     1 |    68 |    26 ||    95
  Use: Scroll            |       |     6 |     8 |     7 ||    21
       Potion            |       |     1 |     1 |     2 ||     4
  Eat: Chunk             |     1 |     6 |     7 |     2 ||    16
       Ration            |       |       |     2 |     2 ||     4
Armor: Scale mail        |    51 |    63 |   103 |    15 ||   232
       Chain mail        |       |       |       |    42 ||    42
Dodge: Dodged            |    35 |    52 |    56 |    49 ||   192
Block: Shield            |    59 |    88 |   139 |    68 ||   354

Table legend:
 A = Non-vault XP
 B = Vault XP
 C = Vault XP percentage of total XP
 D = Non-vault monster count
 E = Vault monster count
 F = Vault count percentage of total count
                 A         B        C        D         E       F
            +---------+---------+-------+---------+---------+-------
      Total |    4555 |    3358 |  42.4 |     179 |      21 |  10.5
            +---------+---------+-------+---------+---------+-------
        D:1 |      42 |       0 |   0.0 |      23 |       0 |   0.0
        D:2 |      73 |      32 |  30.5 |      24 |       1 |   4.0
        D:3 |     208 |       0 |   0.0 |      24 |       0 |   0.0
        D:4 |     393 |     623 |  61.3 |      21 |       4 |  16.0
        D:5 |     742 |     764 |  50.7 |      23 |       3 |  11.5
        D:6 |     694 |     486 |  41.2 |      13 |      10 |  43.5
        D:7 |    1041 |    1170 |  52.9 |      21 |       2 |   8.7
        D:8 |    1362 |     283 |  17.2 |      30 |       1 |   3.2
            +---------+---------+-------+---------+---------+-------
